 Dungeon Crawl Stone Soup version 0.24.0-1-gfbc8707122 (webtiles) character file.

Game seed: 15924493577387162917, levelgen mode: classic

2566 EnegeticOcto the Fighter (level 9, -4/112 HPs)
             Began as an Octopode Air Elementalist on Oct 27, 2019.
             Was a Follower of Uskayaw.
             Slain by Harold
             ... wielding a +0 long sword
              (13 damage)
             ... on level 6 of the Dungeon.
             The game lasted 00:09:06 (8953 turns).

EnegeticOcto the Fighter (OpAE)                     Turns: 8953, Time: 00:09:07

Health: -4/112     AC:  1    Str: 12    XL:     9   Next: 57%
Magic:  12/12      EV: 13    Int: 20    God:    Uskayaw [*.....]
Gold:   204        SH:  0    Dex: 15    Spells: 9/12 levels left

rFire    + . .     SeeInvis +   x - +3 dagger (drain)
rCold    . . .     Gourm    .   (no shield)
rNeg     . . .     Faith    .   (helmet restricted)
rPois    +         Spirit   .   (no amulet)
rElec    .         Reflect  .   f - ring of see invisible
rCorr    .         Harm     .   l - +2 ring of dexterity
MR       .....                  y - ring of protection from fire
Stlth    ..........             o - ring of poison resistance
HPRegen  0.28/turn              (no ring)
MPRegen  0.13/turn              (no ring)
                                (no ring)
                                (no ring)

@: berserking, marked, hasted, very heavily drained, very quick
A: almost no armour, stealthy swim, amphibious, 8 rings, constrict 8, camouflage
1, gelatinous body 1
a: Stomp, Renounce Religion


You were on level 6 of the Dungeon.
You worshipped Uskayaw.
Uskayaw was noncommittal.
You were hungry.

You visited 2 branches of the dungeon, and saw 8 of its levels.

You collected 302 gold pieces.
You spent 98 gold pieces at shops.

Inventory:

Hand Weapons
 q - a +2 dagger of speed
 x - a +3 dagger of draining (weapon)
Missiles
 b - a throwing net {!f}
 i - 11 boomerangs (quivered)
Jewellery
 f - a ring of see invisible (left tentacle)
 l - a +2 ring of dexterity (right tentacle)
 m - an uncursed amulet of faith {unknown}
 o - a ring of poison resistance (on tentacle)
 y - a ring of protection from fire (on tentacle)
Wands
 k - a wand of disintegration (3)
 v - a wand of polymorph (5)
Scrolls
 a - 2 scrolls of enchant armour
 g - 2 scrolls of immolation
 j - 2 scrolls of blinking {@r4}
 n - 4 scrolls of teleportation {@r3 !r}
 r - a scroll of remove curse {@r2}
 t - a scroll of enchant weapon
Potions
 h - a potion of resistance
 p - a potion of flight
 s - 2 potions of ambrosia
 z - a potion of agility {unknown}
 B - a potion of haste {@q4 !q}
Comestibles
 e - 11 rations
 u - 6 chunks of flesh


   Skills:
 - Level 12.6(9.0) Fighting
 * Level 6.0(2.9) Short Blades
 + Level 4.7(1.7) Dodging
 + Level 6.7(3.6) Stealth
 - Level 2.0(0.0) Spellcasting
 - Level 1.0(0.0) Conjurations
 - Level 3.0(0.2) Air Magic
 + Level 2.0(0.0) Invocations


You had 9 spell levels left.
You knew the following spells:

 Your Spells              Type           Power        Failure   Level  Hunger
a - Shock                 Conj/Air       #...         19%         1    ##.....
b - Swiftness             Chrm/Air       #.......     28%         2    ###....

Your spell library contained the following spells:

 Spells                   Type           Power        Failure   Level  Hunger
 Static Discharge         Conj/Air       #.......     50%         3    ####...
 Airstrike                Air            #.........   87%         4    #####..
 Lightning Bolt           Conj/Air       #.........   99%         5    ######.


Dungeon Overview and Level Annotations

Branches:
Dungeon (7/15)             Temple (1/1) D:5

Altars:
Ashenzari
Cheibriados
Elyvilon
Fedhas
Kikubaaqudgha
Nemelex Xobeh
Ru
Uskayaw
Vehumet
Wu Jian
Zin

Shops:
D:4 }

Annotations:
D:6 Harold


Innate Abilities, Weirdness & Mutations

You cannot wear most types of armour.
You are very stealthy in the water. (Stealth+)
You are amphibious.
You can wear up to eight rings at the same time.
You can use your tentacles to constrict eight enemies at once.
Your skin changes colour to match your surroundings (Stealth+).
Your rubbery body absorbs attacks. (AC +1, EV +1)


Message History

The centaur wields a +0 shortbow.
The centaur shoots an arrow.
The arrow closely misses you.
The centaur shoots an arrow.
The arrow hits you!
You see here an arrow.
A worker ant comes into view.
The centaur unwields a +0 shortbow.
The centaur hits you.
You see here an arrow.
The worker ant twitches its antennae in your direction.
You hit the centaur.
The centaur is lightly wounded.
The centaur hits you.
You hit the centaur. You squeeze the centaur.
The centaur is heavily wounded.
The centaur hits you. x2
You hit the centaur.
You squeeze the centaur, but do no damage.
The centaur is severely wounded.
The centaur hits you.
You can now pass through a line of other dancers.
You hit the centaur. You squeeze the centaur!
You kill the centaur!
Your base Invocations skill increases to level 2!
The worker ant bites you.
You barely miss the worker ant. You grab the worker ant.
You constrict the worker ant. The worker ant barely misses you.
You hit the worker ant. You drain the worker ant.
The worker ant is moderately wounded.
You constrict the worker ant, but do no damage.
The worker ant misses you.
You hit the worker ant. You squeeze the worker ant.
The worker ant is heavily wounded.
You constrict the worker ant. The worker ant bites you.
You are poisoned.
The worker ant poisons you!
Uskayaw will force your foes to helplessly watch your dance.
Uskayaw prepares the audience for your solo!
The helpless worker ant fails to defend itself.
You impale the worker ant!!
You kill the worker ant!
Your base Short Blades skill increases to level 6!
You feel sick.
Harold is no longer paralysed.
Harold throws a throwing net.
The throwing net hits you.
You become entangled in the net!
You are held in a net!
You are held in a net!
You are held in a net!
You are held in a net!
Unknown command.
You struggle against the net.
You struggle against the net.
You feel sick. Harold gestures at you while chanting.
A sentinel's mark forms upon you.
You struggle against the net.
Harold looks eager to get this over with.
You shred the net and break free!
You feel sick.
Harold throws a throwing net.
The throwing net misses you.
Evoke which item? (* to show all) (? for menu, Esc to quit)
Okay, then.
You feel sick.
You can no longer pass through a line of other dancers.
You feel sick. Harold gestures at you while chanting.
The harpoon shot hits you!!
You are yanked forward by the harpoon shot.
Harold casts a spell at you. The harpoon shot hits you.
* * * LOW HITPOINT WARNING * * *
You are yanked forward by the harpoon shot.
An orc comes into view. It is wielding a +0 flail.
The orc moves out of view.
You feel sick.
Really quaff
B - 2 potions of haste {@q4 !q}?
You feel yourself speed up.
An orc comes into view.
You are feeling hungry.
There is a stone staircase leading up here.
Okay, then.
The orc throws a stone.
The stone hits you.
* * * LOW HITPOINT WARNING * * *
Harold hits you with a +0 long sword!
* * * LOW HITPOINT WARNING * * *
You climb upwards.
You feel sick.
You are no longer poisoned.
There is a stone staircase leading down here.
It was a potion of magic.
Magic courses through your body.
It was a potion of berserk rage.
A red film seems to cover your vision as you go berserk!
You feel yourself moving faster!
You feel mighty! Harold closely misses you.
You closely miss Harold. You grab Harold.
You constrict Harold, but do no damage. You hit Harold. You drain Harold.
Harold is lightly wounded.
You constrict Harold, but do no damage. Harold hits you with a +0 long sword!
* * * LOW HITPOINT WARNING * * *
You hit Harold. You squeeze Harold!
Harold is moderately wounded.
You constrict Harold, but do no damage. You hit Harold. You drain Harold.
Harold is moderately wounded.
You constrict Harold. Harold hits you with a +0 long sword!
You die...

############ #####
#########..........## ....#
#.......#.......##..# ....#
#.......#.......###'### ....#
#.......#.......#.....# ....#
#.......#.......#.÷...# ....#
#.......#.......#.....# ....#
#.....@@#.......#.....# ....#
#.......#..######.♣.♣.#
.#.#############)##..#......♣.♣..
##.##.#.........)....#....♣♣♣.♣♣♣
#.....#..............#...........
#.....#..............#....♣♣♣.♣♣♣
#.....'..............#......♣.♣..
#.....#..............######.♣.♣.#
#.....#..................+#.....#


You could see Harold.

Vanquished Creatures
  Sigmund (D:6)
  2 sky beasts (D:5)
  An ogre (D:5)
  A centaur (D:7)
  3 bullfrogs
  3 scorpions
  9 wights
  A crimson imp (D:5)
  A bullfrog zombie (D:6)
  2 orc priests
  6 orc wizards
  2 hounds
  2 bullfrog skeletons
  2 centaur skeletons (D:4)
  2 worker ants (D:7)
  4 gnolls (D:6)
  A howler monkey zombie (D:5)
  13 adders
  A river rat (D:4)
  An adder zombie (D:5)
  An adder skeleton (D:6)
  7 worms
  7 dart slugs
  3 leopard geckos
  24 orcs
  7 giant cockroaches
  7 goblins
  10 hobgoblins
  6 jackals
  3 quokkas
  3 ball pythons
  8 bats
  6 frilled lizards
  10 kobolds
  2 leopard gecko skeletons
  A leopard gecko zombie (D:5)
  2 quokka skeletons
  4 rats
169 creatures vanquished.

Notes
Turn   | Place    | Note
-------+----------+-------------------------------------------
     0 | D:1      | EnegeticOcto the Octopode Air Elementalist began the quest
                  | for the Orb.
     0 | D:1      | Reached XP level 1. HP: 11/11 MP: 3/3
   518 | D:1      | Reached XP level 2. HP: 14/18 MP: 5/5
   702 | D:1      | Reached skill level 1 in Short Blades
   857 | D:1      | Reached skill level 1 in Fighting
   857 | D:1      | Reached XP level 3. HP: 12/23 MP: 6/6
  1999 | D:2      | Reached XP level 4. HP: 15/28 MP: 7/7
  3060 | D:3      | Reached XP level 5. HP: 34/34 MP: 8/8
  3661 | D:3      | Reached skill level 2 in Fighting
  4046 | D:4      | Reached XP level 6. HP: 35/39 MP: 9/9
  4372 | D:4      | Reached skill level 5 in Stealth
  4416 | D:4      | Found Utimnotz's Gadget Shoppe.
  4423 | D:4      | Bought a wand of polymorph (5) for 98 gold pieces
  4821 | D:4      | Reached XP level 7. HP: 39/45 MP: 10/10
  4836 | D:4      | Reached skill level 3 in Fighting
  5213 | D:5      | Entered Level 5 of the Dungeon
  5214 | D:5      | Reached skill level 12 in Fighting
  5214 | D:5      | Reached XP level 8. HP: 70/70 MP: 11/11
  5975 | D:5      | Found a staircase to the Ecumenical Temple.
  5986 | Temple   | Entered the Ecumenical Temple
  6004 | Temple   | Became a worshipper of Uskayaw the Reveler
  6157 | D:5      | Reached * piety under Uskayaw
  6168 | D:5      | Reached ** piety under Uskayaw
  6171 | D:5      | Reached *** piety under Uskayaw
  6172 | D:5      | Reached skill level 5 in Short Blades
  6174 | D:5      | Reached **** piety under Uskayaw
  6183 | D:5      | Reached ***** piety under Uskayaw
  6430 | D:5      | Found a sparkling altar of Nemelex Xobeh.
  6677 | D:5      | Reached XP level 9. HP: 75/75 MP: 12/12
  6681 | D:5      | Learned a level 2 spell: Swiftness
  6760 | D:6      | Noticed Sigmund
  6767 | D:6      | Killed Sigmund
  6852 | D:6      | Reached skill level 1 in Invocations
  8892 | D:7      | Noticed Harold
  8953 | D:6      | Slain by Harold

Levels and vault maps discovered:
D:1:      lemuel_arrival_funnel, layout_basic
D:2:      layout_loops_ring, first_ration, minivault_11, minmay_misc_feat_tower
D:3:      lemuel_upstairs_altar, layout_basic, grunt_ministairs_6
D:4:      layout_loops_cross, gup_sewer_entry_bubbles, serial_shops,
          nicolae_shop_temple_entry_statues_fountains
D:5:      layout_basic, minmay_temple_entry_statues_pillars,
          nemelex_xobeh_ov_fountains_minmay
D:6:      layout_gridville, kennysheep_minor_cross, uniq_sigmund
D:7:      layout_loops_ring, uniq_joseph, uniq_harold
Temple:   nicolae_temple_the_god_donut

Skill      XL: |  1  2  3  4  5  6  7  8  9 |
---------------+----------------------------+-----
Stealth        | 3 4 5 6 |  6.7
Short Blades   | 1 2 3 4 5 6 |  6.0
Fighting       | 1 2 12 | 12.6
Dodging        | 3 4 |  4.7
Invocations    | 2 |  2.0
Spellcasting   | |  2.0
Conjurations   | |  1.0
Air Magic      | |  3.0

Action                   |  1- 3 |  4- 6 |  7- 9 || total
-------------------------+-------+-------+-------++-------
Melee: Unarmed           |    11 |       |       ||    11
       Dagger            |    81 |    53 |   173 ||   307
       Constrict         |    22 |    19 |    50 ||    91
       Tentacles         |    17 |    20 |    49 ||    86
       Short sword       |       |    80 |    69 ||   149
Throw: Boomerang         |       |       |    20 ||    20
 Cast: Shock             |    10 |       |       ||    10
  Use: Scroll            |       |     7 |    10 ||    17
       Potion            |       |       |     5 ||     5
 Stab: Sleeping          |    14 |    26 |    14 ||    54
       Paralysed         |       |       |     6 ||     6
       Distracted        |       |       |     1 ||     1
  Eat: Chunk             |     3 |     6 |     9 ||    18
       Ration            |       |     1 |     1 ||     2
Armor: Skin              |     9 |     5 |     9 ||    23
Dodge: Dodged            |    94 |    47 |   108 ||   249
